 Dungeon Crawl Stone Soup version 0.31-a0-868-g674d60d6f7 (webtiles) character file.

Game seed: 12110676063353440252

356 LeprechaunX the Changeling (level 6, -1/42 HPs)
             Began as an Octopode Shapeshifter on Oct 11, 2023.
             Shot with a sling bullet by a goblin (4 damage)
             ... led by Robin
             ... on level 4 of the Dungeon.
             The game lasted 00:03:27 (2077 turns).

LeprechaunX the Changeling (Octopode Shapeshifter)  Turns: 2077, Time: 00:03:27

Health: -1/42      AC:  1    Str: 16    XL:     6   Next: 63%
Magic:  6/6        EV: 13    Int: 12    God:
Gold:   124        SH:  0    Dex: 11    Spells: 5/5 levels left

rFire   . .          .
                       - Unarmed
rCold   . . .        (no shield)
rNeg    . . .        (helmet currently unavailable)
rPois   .            (no amulet)
rElec   .            (no ring)
rCorr   .            (no ring)
SInv    .            (no ring)
Will    .....        (no ring)
Stlth   ++           (no ring)
HPRegen 0.27/turn    (no ring)
MPRegen 0.10/turn    (no ring)
                     (no ring)

%: no passive effects
@: confused, beast-form
A: beast (slay +2), almost no armour, amphibious, 8 rings, camouflage 1,
gelatinous body 1, (nimble swimmer 1), tentacles
a: Begin Untransformation


You were on level 4 of the Dungeon.
You were a hulking beast.
You visited 1 branch of the dungeon, and saw 4 of its levels.

You collected 124 gold pieces.

Inventory:

Hand Weapons
 a - a +0 sling
Jewellery
 j - a ring of fire
Talismans
 b - a beast talisman (active)
 c - a flux talisman
Scrolls
 d - 4 scrolls of identify {unknown}
 f - a scroll of poison {unknown}
 g - a scroll of silence {unknown}
 h - a scroll of blinking {unknown}
 k - a scroll of revelation {unknown}
Potions
 e - 2 potions of lignification
 i - 3 potions of heal wounds {unknown}


   Skills:
 + Level 3.0 Fighting
 + Level 3.4 Dodging
 + Level 4.1 Unarmed Combat
 * Level 4.8 Shapeshifting


You had 5 spell levels left.
You didn't know any spells.
Your spell library contained the following spells:

 Spells                   Type           Power      Damage    Failure   Level
 Magic Dart               Conj           0%         1d3       32%         1
 Call Imp                 Summ           0%         N/A       45%         2
 Mephitic Cloud           Conj/Pois/Air  0%         N/A       69%         3


Dungeon Overview and Level Annotations

Branches:
Dungeon (4/15)
 Temple: D:4-7

Altars:

Annotations:
D:2 1 runed translucent door, Crazy Yiuf


Innate Abilities, Weirdness & Mutations

You are a hulking beast.
Your limbs bulge with bestial killing power. (Slay +2)
You cannot wear most types of armour.
You are amphibious.
You can wear up to eight rings at the same time.
Your skin changes colour to match your surroundings (Stealth+).
Your rubbery body absorbs attacks. (AC +1, EV +1)
((You are camouflaged when in or above water. (Stealth+)))
You have tentacles for arms and can constrict up to eight enemies at once.


Message History

You constrict the orc. The orc hits you with a +0 flail.
* * * LOW HITPOINT WARNING * * *
The hobgoblin hits you.
* * * LOW HITPOINT WARNING * * *
Unknown command.
You tentacle-slap the orc.
You kill the orc!
The goblin no longer looks unusually strong. x2
Unknown command.
You closely miss the hobgoblin. You grab the hobgoblin.
You constrict the hobgoblin. The hobgoblin barely misses you.
You tentacle-slap the hobgoblin.
The hobgoblin is almost dead.
You constrict the hobgoblin.
You kill the hobgoblin!
You bludgeon the goblin!
You kill the goblin!
The goblin shoots a sling bullet.
The sling bullet misses you.
The sling bullet completely misses the orc wizard.
Unknown command.
Found a sedimented purple potion.
The orc wizard casts a spell at you.
You are confused.
The goblin unwields a +0 sling.
The goblin wields a +0 club.
The goblin barely misses you.
Items here: ))) †.
Unknown command.
The goblin unwields a +0 club.
The goblin wields a +0 sling.
The goblin shoots a sling bullet.
The sling bullet completely misses you.
The sling bullet closely misses the orc wizard.
Unknown command.
You bump into the rock wall.
The orc wizard completely misses you.
Unknown command.
You closely miss the orc wizard. Your squeeze misses the orc wizard.
The goblin shoots a sling bullet.
The sling bullet hits you.
* * * LOW HITPOINT WARNING * * *
The orc wizard closely misses you.
You bump into the rock wall.
The goblin shoots a sling bullet.
The sling bullet hits you.
You die...

### . #.? .. #.# #..
.!. .. ##.## #......g.
##..># #.......#.# g.
#....####..###..#.#..#
#.)oh)g...##.)#.#..#
#.#####.#..#...... #
#.## ##.#.g.$..<#...
#.####g.# #..
#..........
......$.###.#
#....###.
.......o).#.# #....#
...#####....###.o.##
.. ##(g.g.....# .
#..#......####


You could see an orc wizard and a goblin.

Vanquished Creatures
  3 jellies (D:2)
  Jessica (D:2)
  Natasha (thrice) (D:2)
  Robin (D:4)
  A gnoll (D:1)
  3 adders
  A dart slug (D:1)
  14 orcs
  3 ball pythons (D:1)
  5 bats
  18 endoplasms
  4 giant cockroaches
  9 goblins
  10 hobgoblins
  2 jackals (D:1)
  2 quokkas
  3 frilled lizards (D:1)
  13 kobolds
  3 rats
99 creatures vanquished.

Notes
Turn   | Place    | Note
-------+----------+-------------------------------------------
     0 | D:1      | LeprechaunX the Octopode Shapeshifter began the quest for
                  | the Orb.
     0 | D:1      | Reached XP level 1. HP: 13/13 MP: 1/1
   121 | D:1      | Reached XP level 2. HP: 18/18 MP: 2/2
   326 | D:1      | Reached XP level 3. HP: 5/23 MP: 3/3
   844 | D:2      | Noticed Natasha
   849 | D:2      | Killed Natasha
   850 | D:2      | Reached XP level 4. HP: 15/29 MP: 4/4
   912 | D:2      | Found a faded altar of an unknown god.
   920 | D:2      | Noticed Jessica
   928 | D:2      | Killed Jessica
  1077 | D:2      | Reached XP level 5. HP: 34/34 MP: 5/5
  1191 | D:2      | Noticed Natasha
  1196 | D:2      | Killed Natasha
  1277 | D:2      | Found a runed translucent door.
  1278 | D:2      | Noticed Crazy Yiuf
  1361 | D:2      | Reached XP level 6. HP: 16/41 MP: 6/6
  1541 | D:2      | Noticed Natasha
  1546 | D:2      | Killed Natasha
  1904 | D:3      | You fall into a shaft and drop 1 floor!
  2037 | D:4      | Noticed Robin
  2066 | D:4      | Killed Robin
  2068 | D:4      | HP: 2/42 [hobgoblin[Robin] (3)]
  2076 | D:4      | HP: 2/42 [goblin/sling bullet[Robin] (2)]
  2077 | D:4      | Shot with a sling bullet by a goblin

Illustrated notes

Levels and vault maps discovered:
D:1:      dpeg_chamrin_arrival_tetris, layout_basic, minmay_pentomino_v2
D:2:      cheibrodos_fertilizer, layout_rooms,
          hellmonk_ecumenical_altar_crossroads, small_statue_intersection,
          nicolae_titane, uniq_crazy_yiuf_cottage, uniq_jessica, uniq_natasha
D:3:      cheibrodos_greedy_goblins, layout_loops_ring, minmay_ogre_servants
D:4:      layout_rooms, kennysheep_generic_room_9, uniq_robin, uniq_grinder

Skill      XL: |  1  2  3  4  5  6 |
---------------+-------------------+-----
Fighting       | 2 3 |  3.0
Shapeshifting  | 4 |  4.8
Dodging        | 3 |  3.4
Unarmed Combat | 4 |  4.1

Action                     |  1- 3 |  4- 6 || total
---------------------------+-------+-------++-------
  Melee: Unarmed           |    56 |   114 ||   170
         Tentacles         |    14 |    20 ||    34
         Constrict         |    13 |    30 ||    43
         Punch             |       |     4 ||     4
   Fire: Sling             |       |     2 ||     2
   Stab: Sleeping          |     5 |     4 ||     9
 Armour: Skin              |    28 |    40 ||    68
  Dodge: Dodged            |    39 |    53 ||    92

Table legend: (Time is in decaauts)
 A = Elapsed time spent in this place.
 B = Non-inter-level travel time spent in this place.
 C = Inter-level travel time spent in this place.
 D = Time resting spent in this place.
 E = Time spent auto-exploring this place.
 F = Levels seen in this place.
 G = Mean time per level.
                   A        B        C        D        E       F      G
               +--------+--------+--------+--------+--------+-----+--------+
         Total |   2064 |   1988 |     76 |    142 |   1339 |   4 |  516.0 |
       Dungeon |   2064 |   1988 |     76 |    142 |   1339 |   4 |  516.0 |
               +--------+--------+--------+--------+--------+-----+--------+

Top non-repeatable levels by time:
     D:2: 871 daAuts
     D:1: 830 daAuts
     D:3: 192 daAuts
     D:4: 169 daAuts
